Map: Dusk Towers

Players

lesha - Winner!

  • Race: Terran Terran
  • League: Silver

Jackatack

  • Race: Zerg Zerg
  • League: Silver

VOD

Have the link to the VOD?

Description

Time

  • Played on: Dec. 22, 2015, 9:59 a.m.
  • Length: 24:51
Show
View Real Time Build Order
Export as new Build Order

lesha Terran - Winner!

Build Orders: MMM Bio 

Get SALT Encoding   

  12  0:01  SCV  
  13  0:13  SCV  
  14  0:18  Supply Depot  
  14  0:25  SCV  
  15  0:40  SCV  
  15  0:41  Barracks  
  16  0:47  Refinery  
  16  0:52  SCV  
  17  1:04  SCV  
  18  1:16  SCV  
  19  1:28  SCV  
  19  1:31  Reaper  
  21  1:40  SCV  
  21  1:45  Command Center  
  22  1:50  Supply Depot  
  22  1:55  Orbital Command  
  22  2:04  Marine  
  23  2:15  Factory  
  23  2:23  SCV, Refinery  
  24  2:35  SCV  
  25  2:48  SCV  
  25  2:49  Marine  
  27  3:00  SCV  
  27  3:01  Factory Reactor  
  27  3:04  Factory Tech Lab  
  28  3:07  Starport, Marine  
  28  3:09  Orbital Command  
  28  3:12  SCV  
  30  3:19  Supply Depot  
  30  3:20  Supply Depot  
  30  3:24  SCV, Marine  
  32  3:36  SCV  
  32  3:38  SCV  
  34  3:48  SCV  
  34  3:50  SCV  
  34  3:53  Barracks  
  34  3:55  Barracks  
  36  3:58  Marine  
  36  4:00  SCV  
  38  4:03  SCV  
  38  4:05  Cloaking Field  
  38  4:07  Banshee  
  42  4:16  Factory Reactor  
  42  4:19  Barracks Tech Lab  
  42  4:22  SCV x2  
  44  4:28  Supply Depot  
  44  4:31  Supply Depot  
  44  4:32  Engineering Bay  
  44  4:34  SCV x2  
  46  4:44  Barracks Reactor x2  
  46  4:45  Marine  
  47  4:46  SCV x2  
  47  4:47  Stimpack  
  49  4:58  SCV x2  
  51  5:10  SCV  
  51  5:11  SCV  
  52  5:22  Banshee  
  52  5:23  Marine x2  
  52  5:24  Marine x2  
  52  5:26  Marauder  
  61  5:30  Terran Infantry Weapons Level 1  
  61  5:44  SCV x2  
  61  5:45  Marine  
  61  5:46  Marine x3  
  61  5:47  Marine  
  68  5:56  SCV x2  
  70  6:03  Marine  
  71  6:21  Marine x4  
  75  6:32  Barracks  
  75  6:33  Barracks  
  75  6:35  Command Center  
  75  6:38  Supply Depot  
  75  6:39  Supply Depot  
  75  6:40  Supply Depot x2  
  75  6:41  Supply Depot  
  77  6:47  Engineering Bay  
  75  6:54  Combat Shields  
  75  7:22  Barracks  
  75  7:27  Marine x3  
  75  7:28  Marine x2  
  80  7:34  Factory Reactor  
  80  7:35  Barracks Reactor  
  80  7:36  Barracks Reactor  
  80  7:45  Marine  
  78  8:16  Marine x3  
  78  8:18  Barracks Reactor  
  81  8:27  Armory, Marine x3  
  81  8:28  Marine x3  
  81  8:29  Medivac x2  
  91  8:34  Marine x2  
  91  8:35  Command Center  
  91  8:40  SCV x2  
  95  8:46  Barracks x2  
  95  8:50  Barracks  
  95  8:52  SCV x2, Barracks  
  97  8:59  Medivac x2  
  101  9:04  SCV, Marine x4  
  101  9:05  Marine x7  
  101  9:06  Starport  
  101  9:08  Starport  
  113  9:22  Marine x5  
  118  9:26  Supply Depot x2  
  118  9:28  Supply Depot  
  118  9:29  Medivac x2  
  118  9:30  Refinery  
  122  9:32  Refinery  
  122  9:36  Refinery  
  122  9:38  Refinery  
  122  9:42  Orbital Command  
  123  9:45  SCV x2  
  123  9:46  SCV  
  123  9:49  Marine x6  
  123  9:50  Barracks Reactor x4, Supply Depot  
  123  9:51  Marine x5  
  123  9:52  Supply Depot  
  136  9:55  Supply Depot  
  136  9:57  SCV  
  136  9:58  SCV  
  136  9:59  Medivac  
  140  10:06  Marine  
  140  10:07  Marine  
  141  10:08  Marine  
  141  10:09  SCV, Marine x8  
  141  10:10  SCV  
  153  10:15  Terran Infantry Weapons Level 2  
  153  10:24  Marine x2  
  153  10:26  SCV x4, Marine  
  160  10:38  SCV  
  161  10:55  Marine x7  
  161  10:56  Marine x7  
  161  10:57  Marine x5  
  180  11:11  SCV x4  
  182  11:12  Marine  
  182  11:13  Marine x7  
  182  11:14  Marine x4  
  182  11:17  Refinery  
  182  11:18  Refinery  
  196  11:25  Supply Depot  
  196  11:30  SCV, Marine x3  
  196  11:31  SCV, Marine x6  
  172  11:40  Marine x7  
  172  11:41  Marine x3  
  182  11:47  Terran Infantry Armor Level 1  
  182  11:48  Marine x3  
  182  11:51  Concussive Shells  
  164  12:21  Marine x6  
  164  12:22  Marine x7  
  168  12:23  Marine x6  
  173  12:37  Starport Reactor x2  
  173  12:38  Marine  
  173  12:39  Marine  
  173  12:42  Marine x7  
  173  12:43  Marine x7  
  173  12:44  Marine x3  
  178  12:56  Marine x2  
  180  12:59  Marine  
  180  13:00  Marine x6  
  187  13:07  Marine x7  
  187  13:08  Marine x3  
  197  13:14  Missile Turret, Marine x2  
  197  13:15  Missile Turret  
  197  13:16  Missile Turret  
  197  13:17  Marine  
  83  13:39  Marine x3  
  83  13:40  Marine x7  
  83  13:41  Marine x4  
  90  13:54  Terran Infantry Weapons Level 3  
  89  14:13  SCV x3  
  92  14:25  SCV x3  
  88  14:36  Missile Turret  
  88  14:38  Missile Turret  
  88  14:40  Marine x2  
  90  14:58  Missile Turret  
  90  15:02  SCV x3  
  90  15:04  Missile Turret  
  93  15:10  Medivac  
  95  15:25  Marine x3  
  98  15:46  Command Center  
  98  15:51  Marine  
  98  15:52  Marine x4  
  98  15:54  Command Center  
  103  16:01  Missile Turret  
  103  16:02  Missile Turret  
  103  16:04  Missile Turret  
  103  16:06  Missile Turret  
  103  16:09  Medivac x4  
  103  16:10  Medivac x2  
  115  16:12  Marine x2  
  115  16:13  Marine x2  
  119  16:19  SCV x2  
  121  16:26  SCV  
  121  16:31  SCV x2  
  124  16:39  SCV  
  125  16:43  SCV  
  125  16:45  Marine  
  125  16:46  Marine x2  
  128  16:47  Marine  
  128  16:53  Missile Turret  
  129  17:00  Missile Turret  
  129  17:09  Missile Turret  
  129  17:12  SCV  
  129  17:14  Orbital Command  
  129  17:15  Missile Turret  
  130  17:17  Marine  
  131  17:26  Marine  
  131  17:27  Medivac  
  134  17:31  SCV x2  
  136  17:37  Medivac  
  136  17:38  Medivac  
  136  17:43  Orbital Command  
  140  18:03  Marine  
  140  18:04  Marine x7  
  140  18:05  Marine x2  
  149  18:06  Medivac x2  
  95  18:37  Marine x3  
  95  18:38  Marine x8  
  95  18:39  Marine  
  107  18:43  SCV  
  107  18:44  SCV x3  
  96  19:41  Marine x4  
  96  19:42  Marine x7  
  96  19:43  Marine x6  
  76  19:59  Marine x7  
  78  20:00  Marine x3  
  78  20:01  Marine  
  78  20:02  Marine x7  
  78  20:03  Marine  
  78  20:07  Command Center  
  90  20:16  Marine x2  
  90  20:19  Marine x2  
  90  20:20  Marine x5  
  90  20:21  Marine  
  96  20:31  Marine  
  96  20:32  Marine x3  
  99  20:38  Marine  
  99  20:39  Marine x6  
  99  20:42  Marine  
  107  20:50  SCV  
  107  20:51  SCV x3  
  111  21:01  Marine x5  
  111  21:02  SCV  
  117  21:29  Command Center  
  117  21:36  Marine  
  117  21:37  Marine x7  
  117  21:38  Marine x5  
  117  21:39  Marine x3  
  133  21:40  Medivac x4  
  133  21:41  Medivac  
  143  21:52  Missile Turret  
  143  21:55  Missile Turret  
  143  22:07  Orbital Command  
  143  22:08  Marine x5  
  144  22:09  Marine x7  
  144  22:10  Marine  
  144  22:14  Missile Turret  
  155  22:42  SCV x4  
  159  22:50  Marine  
  159  22:51  Marine x7  
  162  22:52  Marine x3  
  162  22:54  SCV x3  
  173  23:15  SCV x3  
  173  23:18  Marine  
  173  23:19  Marine x4  
  181  23:32  Missile Turret  
  181  23:34  Missile Turret x2  
  171  24:00  Marine x5  
  171  24:01  Marine x3  
Show
View Real Time Build Order
Export as new Build Order

Jackatack Zerg 

Build Orders: Pool First 

Get SALT Encoding   

  12  0:22  Spawning Pool  
  12  0:23  Drone  
  12  0:28  Drone  
  12  0:33  Drone  
  14  0:43  Overlord  
  14  1:17  Zergling x2  
  14  1:18  Queen, Zergling x4  
  19  1:41  Hatchery  
  19  1:42  Drone  
  19  1:43  Drone  
  20  2:02  Overlord  
  20  2:04  Drone  
  21  2:16  Zergling x2  
  22  2:45  Hatchery  
  22  2:48  Extractor  
  20  2:57  Queen  
  22  3:07  Drone x3  
  25  3:14  Drone  
  25  3:19  Queen  
  28  3:21  Zergling x6  
  31  3:30  Drone x3  
  31  3:32  Zergling x2  
  35  3:59  Queen  
  37  4:07  Extractor  
  37  4:08  Extractor  
  37  4:09  Drone  
  36  4:12  Extractor  
  36  4:13  Drone x2  
  36  4:14  Drone  
  36  4:16  Drone x3  
  41  4:19  Drone  
  41  4:20  Overlord  
  42  4:42  Drone x2  
  42  4:43  Drone  
  42  4:44  Overlord  
  45  5:07  Overlord  
  45  5:08  Drone x10  
  55  5:15  Metabolic Boost  
  55  5:37  Lair  
  53  5:56  Spore Crawler  
  48  6:08  Pneumatized Carapace  
  48  6:09  Burrow  
  45  6:20  Drone x2  
  45  6:22  Drone x5  
  45  6:23  Drone x2  
  54  6:31  Overlord, Zergling x2  
  54  6:32  Zergling x22  
  66  6:48  Queen  
  61  7:14  Spire  
  55  7:39  Drone  
  55  7:40  Drone x2  
  55  7:41  Drone x5  
  55  7:42  Drone  
  63  7:57  Zergling x8  
  63  7:58  Zergling x16  
  56  8:16  Baneling Nest  
  55  8:26  Evolution Chamber  
  54  8:28  Evolution Chamber  
  53  8:49  Drone  
  53  8:50  Drone x8  
  62  9:05  Zergling x6  
  65  9:16  Overlord x2  
  65  9:17  Drone  
  66  9:36  Mutalisk x8  
  82  9:39  Overlord  
  82  9:46  Overlord  
  82  9:47  Overlord  
  82  9:49  Overseer  
  82  10:06  Mutalisk  
  84  10:07  Mutalisk x11  
  84  10:10  Hatchery  
  105  10:38  Baneling x2  
  105  10:39  Baneling x24  
  105  10:40  Baneling  
  105  10:49  Overlord x2  
  105  11:15  Overlord x2  
  86  12:03  Zergling x12  
  86  12:04  Zergling x32  
  108  12:17  Zergling x10  
  109  12:47  Zergling x20  
  119  12:54  Baneling x3  
  119  12:55  Baneling x28  
  119  12:56  Zergling x2, Baneling x2  
  119  12:57  Zergling x2  
  121  13:03  Queen  
  123  13:06  Drone x4  
  123  13:07  Overlord x3  
  127  13:14  Centrifical Hooks  
  85  13:41  Mutalisk x5  
  85  13:43  Zergling x18  
  85  13:44  Zergling x12  
  110  13:51  Zergling x4  
  112  14:23  Zergling x2  
  112  14:24  Mutalisk x3, Zergling x10  
  124  14:37  Zergling x8  
  128  15:09  Overlord x2  
  128  15:20  Zerg Ground Armor Level 1  
  128  15:21  Zerg Melee Weapons Level 1  
  128  15:25  Zerg Flyer Weapons Level 1  
  128  15:54  Baneling x8  
  128  16:06  Zergling x20  
  128  16:07  Zergling x12  
  128  16:09  Overlord x3  
  142  17:04  Overlord x2  
  142  17:07  Baneling  
  142  17:08  Baneling x16  
  142  17:09  Baneling x5  
  142  17:14  Zerg Missile Weapons Level 1  
  142  17:20  Zerg Flyer Armor Level 1  
  142  17:39  Hatchery  
  140  18:03  Baneling x17  
  119  18:14  Zergling x2  
  119  18:15  Zergling x16  
  109  18:23  Zergling x2  
  109  18:24  Zergling x48  
  123  19:04  Zergling x8  
  123  19:05  Zergling x18  
  123  19:07  Baneling x2  
  136  19:15  Baneling x8  
  98  19:42  Zergling x10  
  98  19:43  Zergling x14  
  82  20:18  Zergling x8  
  82  20:19  Zergling x16  
  85  20:41  Queen  
  87  20:43  Queen  
  89  21:17  Extractor  
  88  21:21  Extractor  
  88  21:22  Drone  
  88  21:23  Drone x2  
  90  21:26  Extractor  
  90  21:30  Drone x3, Extractor  
  90  21:32  Drone x2  
  93  21:33  Drone  
  93  21:34  Extractor  
  93  21:46  Extractor  
  86  22:26  Mutalisk x2  
  90  22:48  Queen  
  92  22:51  Zergling x2  
  92  22:52  Zergling x42  
  92  22:53  Zergling x36  
  132  23:24  Overlord x3  
  97  23:58  Baneling  
  97  23:59  Baneling x8  
  84  24:16  Zergling x12  
  84  24:17  Zergling x14  
Tags
 
Composition
MMM Bio
Matchup
TvZ
Opening
Pool First
Add a new tag
Caveats
  • Supply blocks, unpowered buildings, or Contaminate may cause inaccurate times.
  • Supply counts are checked every 10 seconds.